Map: Ever Dream LE

Players

Dolan - Winner!

  • Race: Terran Terran
  • League: Master
  • Spawn Location: 1:00

Creature

  • Race: Protoss Protoss
  • Spawn Location: 7:00

Event: The Miserable Cup

VOD

Have the link to the VOD?

Description

Time

  • Played on: June 19, 2020, 10:58 a.m.
  • Length: 7:26

All games in this series

Show
View Real Time Build Order
Export as new Build Order

Dolan Terran - Winner!

Build Orders: Cyclone Opening 

Get SALT Encoding   

  12  0:01  SCV  
  13  0:13  SCV  
  14  0:18  Supply Depot  
  14  0:25  SCV  
  15  0:39  SCV  
  15  0:40  Barracks  
  16  0:43  Refinery  
  16  0:52  SCV  
  16  0:53  Refinery  
  17  1:01  Supply Depot  
  17  1:05  SCV  
  18  1:17  SCV  
  19  1:27  Reaper  
  19  1:30  Orbital Command  
  20  1:41  Factory  
  20  1:56  SCV  
  21  2:08  SCV  
  22  2:15  Command Center  
  22  2:20  Barracks Reactor  
  22  2:26  Factory Tech Lab  
  22  2:33  SCV  
  23  2:45  SCV  
  23  2:48  Cyclone  
  23  2:49  Starport  
  27  2:53  Supply Depot  
  27  2:57  Marine, SCV  
  29  2:58  Marine  
  29  3:09  SCV  
  30  3:19  Marine x2  
  32  3:24  SCV  
  33  3:32  Cloaking Field, Banshee  
  33  3:33  Factory Tech Lab  
  36  3:37  SCV  
  36  3:38  Marine x2  
  39  3:46  Orbital Command  
  39  3:53  Siege Tank  
  42  3:56  SCV  
  42  3:58  Marine x2  
  42  4:01  Supply Depot  
  45  4:08  SCV  
  46  4:12  SCV  
  46  4:15  Viking  
  49  4:20  SCV  
  49  4:21  Marine  
  49  4:22  Marine  
  49  4:23  Supply Depot  
  52  4:27  Siege Tank  
  52  4:29  SCV  
  56  4:32  SCV  
  57  4:39  Marine x2  
  57  4:45  Viking  
  61  4:46  SCV x2  
  61  4:50  Supply Depot  
  63  4:54  Engineering Bay  
  63  4:57  Marine x2  
  63  4:58  SCV x2  
  67  5:01  Siege Tank  
  70  5:12  SCV x2  
  72  5:16  Viking  
  72  5:17  Marine x2  
  76  5:24  SCV x2, Supply Depot  
  78  5:50  Missile Turret, Bunker x2  
  76  5:59  Marine x2  
  76  6:00  Siege Tank  
  81  6:12  SCV x2  
  83  6:26  Bunker  
  83  6:27  Bunker  
  83  6:32  Siege Tank, Bunker  
  86  6:42  Bunker  
  86  6:58  Marine  
  86  7:06  Bunker  
  86  7:11  SCV x2  
Show
View Real Time Build Order
Export as new Build Order

Creature Protoss 

Build Orders: 1 Gate Expand, Phoenix Opening 

Get SALT Encoding   

  12  0:00  Probe  
  13  0:12  Probe  
  14  0:17  Pylon  
  14  0:24  Probe  
  15  0:33  Probe  
  15  0:35  Gateway  
  15  0:41  Probe  
  16  0:47  Assimilator  
  17  0:51  Probe  
  18  1:03  Probe  
  19  1:15  Probe  
  20  1:22  Cybernetics Core  
  20  1:34  Nexus  
  20  1:40  Pylon  
  20  1:46  Probe  
  21  1:50  Assimilator  
  21  1:58  Probe, Adept  
  24  2:10  Probe  
  25  2:19  Adept  
  25  2:22  Stargate, Probe  
  27  2:36  Probe  
  28  2:46  Probe  
  28  2:48  Probe  
  28  2:49  Warp Gate  
  31  2:58  Probe  
  31  2:59  Phoenix  
  31  3:00  Probe  
  32  3:06  Probe  
  32  3:12  Probe  
  36  3:14  Probe  
  36  3:17  Phoenix  
  37  3:24  Probe x2  
  41  3:35  Robotics Facility  
  41  3:36  Probe  
  41  3:37  Pylon  
  41  3:39  Probe  
  43  3:48  Probe  
  43  3:49  Phoenix  
  46  3:55  Probe  
  46  3:56  Shield Battery  
  46  4:00  Probe  
  48  4:03  Assimilator  
  48  4:05  Assimilator  
  48  4:07  Probe  
  49  4:14  Pylon, Phoenix, Probe  
  49  4:16  Observer  
  52  4:20  Probe  
  54  4:32  Probe x2  
  54  4:33  Pylon, Gateway x2  
  54  4:36  Observer  
  57  4:44  Phoenix  
  57  4:45  Probe  
  60  4:48  Zealot  
  62  4:58  Immortal  
  62  4:59  Robotics Bay  
  62  5:01  Pylon  
  62  5:11  Probe  
  67  5:15  Phoenix  
  67  5:17  Pylon  
  69  5:24  Zealot, Shield Battery  
  69  5:25  Shield Battery  
  71  5:30  Stalker x2  
  75  5:38  Disruptor  
  75  5:42  Shield Battery  
  75  5:43  Pylon  
  78  5:56  Stalker x2  
  78  5:57  Zealot  
  84  6:11  Pylon x2  
  84  6:12  Pylon  
  84  6:19  Disruptor  
  84  6:30  Zealot x2  
  91  6:53  Zealot x2  
  82  7:17  Zealot x2, Gateway  
  82  7:19  Gateway  
Tags
 
Add a new tag
Caveats
  • Supply blocks, unpowered buildings, or Contaminate may cause inaccurate times.
  • Supply counts are checked every 10 seconds.